 Dungeon Crawl Stone Soup version 0.20.1-1-g8b1a95d (webtiles) character file.

7695 Necronhym the Slicer (level 11, 0/91 (92) HPs)
             Began as a Ghoul Fighter on Sept 26, 2017.
             Was an Elder of Makhleb.
             Killed from afar by a shock serpent (3 damage)
             ... with a bolt of electricity
             ... on level 1 of the Snake Pit.
             The game lasted 01:01:02 (6894 turns).

Necronhym the Slicer (Ghoul Fighter)                Turns: 6894, Time: 01:01:03

HP:   0/91 (92)     AC: 24    Str: 28    XL:     11   Next: 19%
MP:   19/19         EV:  4    Int:  3    God:    Makhleb [****..]
Gold: 577           SH: 14    Dex:  6    Spells: 10/10 levels left

rFire    . . .     SeeInvis .   e - +2 short sword (venom)
rCold    . . .     Gourm    .   b - +0 shield
rNeg     + + +     Faith    .   s - +1 crystal plate armour "Bextexor" {+Inv MP+9 Str+5 Dex-5}
rPois    ∞         Spirit   .   k - +2 helmet
rElec    +         Reflect  +   (no cloak)
rCorr    .         Harm     .   (no gloves)
MR       +....                  w - +0 pair of boots (curse)
Stlth    ..........             n - +3 amulet of reflection
Regen    0.0/turn               x - ring of Xohee {+Inv rElec rC- Dex+2 Slay+4}
MPRegen  0.2/turn               I - ring of protection from magic

@: rotting
A: rotting body, claws 1, carnivore 3, cold resistance 1, negative energy
resistance 3, inhibited regeneration, torment resistance, unbreathing
a: Minor Destruction, Lesser Servant of Makhleb, Major Destruction, Renounce
Religion, Evoke Invisibility


You were on level 1 of the Snake Pit.
You worshipped Makhleb.
Makhleb was greatly pleased with you.
You were not hungry.

You visited 4 branches of the dungeon, and saw 12 of its levels.

You collected 577 gold pieces.

Inventory:

Hand Weapons
 e - a +2 short sword of venom (weapon)
 B - a +0 mace of distortion
 D - a +1 shortbow of freezing
 F - a +0 shortbow
 P - a +0 blowgun
 Q - a +1 short sword of venom
Armour
 b - a +0 shield (worn)
 k - a +2 helmet (worn)
 s - the +1 crystal plate armour "Bextexor" (worn) {+Inv MP+9 Str+5 Dex-5}
   (You found it on level 5 of the Dungeon)

   It affects your strength (+5).
   It affects your dexterity (-5).
   It affects your magic capacity (+9).
   It lets you turn invisible.
 w - a cursed +0 pair of boots (worn)
 y - a +0 plate armour
 N - the +1 leather armour "Zokis" {rF++ Regen+ Slay+2 Stlth+, unknown}
   (You found it on level 1 of the Lair of Beasts)

   It affects your accuracy and damage with ranged weapons and melee attacks
   (+2).
   It greatly protects you from fire.
   It increases your rate of regeneration.
   It makes you more stealthy.
 U - a +2 buckler
Jewellery
 m - an uncursed amulet of harm
 n - a +3 amulet of reflection (around neck)
 x - the ring of Xohee (left claw) {+Inv rElec rC- Dex+2 Slay+4}
   (You found it on level 7 of the Dungeon)

   [ring of slaying]

   It affects your dexterity (+2).
   It affects your accuracy and damage with ranged weapons and melee attacks
   (+4).
   It makes you vulnerable to cold.
   It insulates you from electricity.
   It lets you turn invisible.
 I - a ring of protection from magic (right claw)
 V - a cursed -3 ring of dexterity {unknown}
Wands
 q - a wand of polymorph (22/24)
 E - a wand of clouds (8/9)
 K - a wand of paralysis (3/24)
 S - a wand of digging (8/24)
Scrolls
 a - a scroll of enchant weapon {unknown}
 j - 2 scrolls of identify
 l - 2 scrolls of remove curse
 G - 3 scrolls of teleportation
 H - 2 scrolls of amnesia
 R - a scroll of acquirement {unknown}
Potions
 c - 3 potions of might
 f - a potion of cancellation {unknown}
 h - 3 potions of degeneration {unknown}
 i - a potion of magic {unknown}
 o - 3 potions of curing
 p - 3 potions of flight {unknown}
 t - a potion of haste
 u - 3 potions of lignification {unknown}
 J - a potion of berserk rage {unknown}
Books
 A - a book of Minor Magic

   Spells                             Type                      Level
   a - Magic Dart                     Conjuration                  1
   b - Blink                          Translocation                2
   c - Call Imp                       Summoning                    2
   d - Slow                           Hexes                        2
   e - Conjure Flame                  Conjuration/Fire             3
   f - Mephitic Cloud                 Conjuration/Poison/Air       3
 C - a book of Changes

   Spells                             Type                      Level
   a - Beastly Appendage              Transmutation                1
   b - Sticks to Snakes               Transmutation                2
   c - Spider Form                    Transmutation/Poison         3
   d - Ice Form                       Ice/Transmutation            4
   e - Blade Hands                    Transmutation                5
 L - a book of Battle

   Spells                             Type                      Level
   a - Infusion                       Charms                       1
   b - Shroud of Golubria             Charms/Translocation         2
   c - Song of Slaying                Charms                       2
   d - Spectral Weapon                Hexes/Charms                 3
   e - Regeneration                   Charms/Necromancy            3
 M - a book of Necromancy

   Spells                             Type                      Level
   a - Pain                           Necromancy                   1
   b - Animate Skeleton               Necromancy                   1
   c - Vampiric Draining              Necromancy                   3
   d - Regeneration                   Charms/Necromancy            3
   e - Animate Dead                   Necromancy                   4
   f - Control Undead                 Necromancy                   4
 O - a book of Flames

   Spells                             Type                      Level
   a - Flame Tongue                   Conjuration/Fire             1
   b - Throw Flame                    Conjuration/Fire             2
   c - Conjure Flame                  Conjuration/Fire             3
   d - Inner Flame                    Hexes/Fire                   3
   e - Sticky Flame                   Conjuration/Fire             4
   f - Fireball                       Conjuration/Fire             5
Comestibles
 r - 3 royal jellies


   Skills:
 + Level 7.4 Fighting
 + Level 9.3 Short Blades
 + Level 7.4 Armour
 + Level 1.7 Dodging
 + Level 9.0 Shields
 + Level 2.6 Unarmed Combat


You had 10 spell levels left.
You didn't know any spells.

Dungeon Overview and Level Annotations

Branches:
Dungeon (8/15)             Temple (1/1) D:6            Lair (2/6) D:8
  Snake (1/4) Lair:2
  Swamp: Lair:2-4    Shoals: Lair:2-4

Altars:
Ashenzari
Dithmenos
Elyvilon
Fedhas
Gozag
Hepliaklqana
Kikubaaqudgha
Makhleb
Okawaru
Qazlal
Ru
Sif Muna
Trog
Uskayaw
Vehumet
Yredelemnul
Zin


Innate Abilities, Weirdness & Mutations

Your body is rotting away.
You thrive on raw meat.
You are immune to poison.
You have sharp fingernails.
You are carnivorous and can eat meat at any time.
Your flesh is cold resistant. (rC+)
You are immune to negative energy. (rN+++)
You do not regenerate when monsters are visible.
You are immune to unholy pain and torment.
You can survive without breathing.


Message History

* * * LOW HITPOINT WARNING * * *
You block the shock serpent's attack.
The shock serpent bites you but does no damage.
You barely miss the shock serpent. You block the shock serpent's attack.
You puncture the shock serpent!
The shock serpent is poisoned.
The shock serpent is lightly wounded.
The shock serpent's electric aura discharges, shocking you!
* * * LOW HITPOINT WARNING * * *
The shock serpent bites you!
* * * LOW HITPOINT WARNING * * *
The shock serpent shocks you. You resist.
* * * LOW HITPOINT WARNING * * *
You barely miss the shock serpent.
The shock serpent is lightly wounded.
You block the shock serpent's attack.
You closely miss the shock serpent.
The shock serpent is lightly wounded.
The shock serpent shoots out a bolt of lightning at you!
The bolt of electricity hits you! You resist.
You die...

,,,******,,,,,,,,,,,,,,,,,,,,,,,,
*,,,,,,,,,,,,,............,,,,,**
****,,,,,,,,,,,...........,,,,**
****,,,,,,,,,,,...........,,,,*
,,,*,,,,,,,,>,,,...)......,,***
,,,,,,,,,,,,,,,,#.........***
***,,,,,,,,,,,***......".#*
##*************###.....#** .#####
######@....#**
.....######.....S..###
............)...####
#################


You could see a shock serpent.

Vanquished Creatures
  A naga warrior (Snake:1)
  Sonja (Lair:1)
  Psyche (D:8)
  A komodo dragon (Lair:1)
  2 hippogriffs
  A wyvern (Lair:1)
  7 yaks
  A naga (Lair:2)
  2 water moccasins
  2 porcupines
  3 orc warriors
  2 ice beasts
  4 ogres
  A sky beast (D:8)
  2 wolves (Lair:2)
  4 centaurs
  3 crocodiles
  2 big kobolds (D:8)
  7 bullfrogs
  A gnoll sergeant (D:7)
  2 scorpions
  3 wights (D:7)
  2 howler monkeys
  2 crimson imps
  A bullfrog zombie (D:6)
  A centaur zombie (D:8)
  4 orc priests
  2 bullfrog skeletons
  A centaur skeleton (D:5)
  A gnoll shaman (D:7)
  4 hounds
  A jelly (D:8)
  An iguana (D:8)
  8 orc wizards
  9 worker ants
  A worker ant zombie (D:5)
  9 adders
  13 gnolls
  5 shadow imps
  An ooze (D:3)
  An adder skeleton (D:7)
  An adder zombie (D:7)
  4 worms
  3 dart slugs
  3 leopard geckos
  29 orcs
  8 giant cockroaches
  7 goblins
  7 hobgoblins
  3 jackals (D:7)
  9 kobolds
  5 quokkas
  3 ball pythons
  3 bats
  A frilled lizard (D:2)
  A quokka zombie (D:5)
  6 rats
  2 plants
215 creatures vanquished.

Notes
Turn   | Place    | Note
-------+----------+-------------------------------------------
     0 | D:1      | Necronhym the Ghoul Fighter began the quest for the Orb.
     0 | D:1      | Reached XP level 1. HP: 19/19 MP: 0/0
    54 | D:1      | Reached XP level 2. HP: 23/26 MP: 1/1
   593 | D:3      | Reached XP level 3. HP: 27/30 MP: 2/2
   877 | D:3      | Reached skill level 1 in Short Blades
   877 | D:3      | Reached XP level 4. HP: 19/38 MP: 3/3
  1321 | D:3      | Reached XP level 5. HP: 35/43 MP: 4/4
  1438 | D:4      | Reached skill level 1 in Dodging
  1495 | D:4      | Found a burning altar of Makhleb.
  1495 | D:4      | Found an ancient bone altar of Kikubaaqudgha.
  1507 | D:4      | Became a worshipper of Makhleb the Destroyer
  1588 | D:4      | Reached XP level 6. HP: 45/52 MP: 5/5
  2134 | D:4      | Reached XP level 7. HP: 51/58 MP: 6/6
  2157 | D:4      | Found a shadowy altar of Dithmenos.
  2212 | D:4      | Reached * piety under Makhleb
  2328 | D:5      | Entered Level 5 of the Dungeon
  2426 | D:5      | Got a fine crystal plate armour
  2448 | D:5      | Identified the +1 crystal plate armour "Bextexor" {+Inv MP+9 Str+5 Dex-5} (You found it on level 5 of the Dungeon)
  2940 | D:6      | Found a sacrificial altar of Ru.
  3008 | D:6      | Reached skill level 5 in Shields
  3008 | D:6      | Reached XP level 8. HP: 51/65 MP: 7/7
  3306 | D:6      | Found a staircase to the Ecumenical Temple.
  3312 | D:6      | Reached skill level 5 in Armour
  3446 | Temple   | Entered the Ecumenical Temple
  3727 | D:6      | Reached skill level 5 in Fighting
  3727 | D:6      | Reached skill level 5 in Short Blades
  3918 | D:7      | Reached ** piety under Makhleb
  4072 | D:7      | Reached XP level 9. HP: 70/74 MP: 8/8
  4079 | D:7      | Found an opulent altar of Gozag.
  4164 | D:7      | Got a brightly glowing lead ring
  4168 | D:7      | Identified the ring of Xohee {+Inv rElec rC- Dex+2 Slay+4} (You found it on level 7 of the Dungeon)
  4321 | D:7      | Found a stormy altar of Qazlal.
  4559 | D:7      | Reached *** piety under Makhleb
  5082 | D:8      | Reached XP level 10. HP: 82/83 MP: 9/9
  5168 | D:8      | Noticed Psyche
  5175 | D:8      | Paralysed by Psyche for 5 turns
  5193 | D:8      | Killed Psyche
  5317 | D:8      | Found a staircase to the Lair.
  5369 | Lair:1   | Entered Level 1 of the Lair of Beasts
  5921 | Lair:1   | Got a dazzling leather armour
  5950 | Lair:1   | Noticed Sonja
  5974 | Lair:1   | Killed Sonja
  6162 | Lair:2   | Reached **** piety under Makhleb
  6191 | Lair:2   | Found a staircase to the Snake Pit.
  6478 | Lair:2   | Reached XP level 11. HP: 81/91 MP: 10/10
  6794 | Snake:1  | Entered Level 1 of the Snake Pit
  6794 | Snake:1  | Found a white marble altar of Elyvilon.
  6794 | Snake:1  | Noticed a naga ritualist
  6794 | Snake:1  | Noticed an anaconda
  6794 | Snake:1  | Noticed an anaconda
  6861 | Snake:1  | Noticed a naga warrior
  6877 | Snake:1  | Killed a naga warrior
  6883 | Snake:1  | Noticed a shock serpent
  6892 | Snake:1  | HP: 3/91 [shock serpent (4)]
  6894 | Snake:1  | Killed from afar by a shock serpent

Skill      XL: |  1  2  3  4  5  6  7  8  9 10 11 |
---------------+----------------------------------+-----
Armour         | 3 4 5 6 7 |  7.4
Shields        | 3 4 5 6 7 8 9 |  9.0
Short Blades   | 1 2 3 5 7 9 |  9.3
Dodging        | 1 |  1.7
Fighting       | 4 5 6 7 |  7.4
Unarmed Combat | |  2.6

Action                   |  1- 3 |  4- 6 |  7- 9 | 10-12 || total
-------------------------+-------+-------+-------+-------++-------
Melee: Unarmed           |    19 |       |       |       ||    19
       Short sword       |   170 |   236 |   470 |   257 ||  1133
  Use: Scroll            |       |     4 |     8 |    10 ||    22
       Potion            |       |       |       |     5 ||     5
  Eat: Chunk             |    16 |    27 |    39 |    22 ||   104
       Meat ration       |       |       |       |     5 ||     5
       Royal jelly       |       |       |       |     1 ||     1
Armor: Scale mail        |    38 |    71 |       |       ||   109
       Chain mail        |       |     8 |    11 |       ||    19
       Crystal plate arm |       |       |   207 |   156 ||   363
Dodge: Dodged            |    33 |    54 |    26 |    28 ||   141
Block: Shield            |    60 |   107 |   259 |   161 ||   587
       Reflection        |       |       |     9 |     6 ||    15
